[Event "87th Tata Steel Challengers 2025"]
[Site "Wijk aan Zee"]
[Date "2025.02.02"]
[Round "13.1"]
[White "Pijpers, Arthur"]
[Black "Deshmukh, Divya"]
[Result "1/2-1/2"]
[Annotator "ChessBase"]
[ECO "C11"]
[WhiteElo "2474"]
[BlackElo "2490"]
[PlyCount "46"]
[EventDate "2025.01.13"]
[EventType "tourn"]
[EventCountry "NED"]
[SourceTitle "playchess.com"]
[Source "ChessBase"]
[SourceQuality "1"]
[TimeControl "40/6000+30:20/3000+30:900+30"]

1. e4 e6 2. d4 d5 3. Nc3 Nf6 4. e5 Nfd7 5. f4 c5 6. Nf3 Nc6 7. Be3 Be7 8. dxc5 O-O 9. a3 a6 10. Na4 f6 11. exf6 Nxf6 12. Be2 Ng4 13. Bd2 e5 14. fxe5 Ncxe5 15. O-O Qc7 16. Nxe5 Bxc5+ 17. Nxc5 Qxc5+ 18. Kh1 Rxf1+ 19. Qxf1 Nf2+ 20. Kg1 Nh3+ 21. Kh1 Nf2+ 22. Kg1 Nh3+ 23. Kh1 Nf2+ 1/2-1/2

[Event "87th Tata Steel Challengers 2025"]
[Site "Wijk aan Zee"]
[Date "2025.02.02"]
[Round "13.2"]
[White "Svane, Frederik"]
[Black "Gurel, Ediz"]
[Result "1/2-1/2"]
[Annotator "ChessBase"]
[ECO "C42"]
[WhiteElo "2664"]
[BlackElo "2624"]
[PlyCount "115"]
[EventDate "2025.01.13"]
[EventType "tourn"]
[EventCountry "NED"]
[SourceTitle "playchess.com"]
[Source "ChessBase"]
[SourceQuality "1"]
[TimeControl "40/6000+30:20/3000+30:900+30"]

1. e4 e5 2. Nf3 Nf6 3. Nxe5 d6 4. Nf3 Nxe4 5. d3 Nf6 6. d4 g6 7. Bb5+ c6 8. Bd3 Bg7 9. Qe2+ Qe7 10. Qxe7+ Kxe7 11. O-O Na6 12. c3 Nc7 13. Re1+ Be6 14. Ng5 Kd7 15. Nd2 Rae8 16. Nxe6 Nxe6 17. Nf3 h5 18. h4 Bh6 19. Bxh6 Rxh6 20. g3 Rhh8 21. c4 Re7 22. b4 Ra8 23. Rab1 Rae8 24. a4 Kc8 25. Red1 Kb8 26. a5 Rd8 27. Re1 Rde8 28. Rec1 Rd8 29. Re1 Rde8 30. Rec1 Rd8 31. Kg2 d5 32. a6 dxc4 33. Rxc4 Rd6 34. axb7 Kxb7 35. Bf1 Nc7 36. Rc5 Ne6 37. Re5 Ng4 38. Re2 Rc7 39. Rd2 Rcd7 40. Rbd1 Nc7 41. Ra1 Nb5 42. Rda2 Kb8 43. Rc1 Nxd4 44. Nxd4 Rxd4 45. Rxc6 Ne5 46. Rc3 Rxb4 47. Ba6 Rc7 48. Rac2 Rxc3 49. Rxc3 Ka8 50. Rc8+ Rb8 51. Rc7 Rb6 52. Rc8+ Rb8 53. Rc5 Ng4 54. Rc7 Rb6 55. Rc8+ Rb8 56. Rc7 Rb6 57. Rc8+ Rb8 58. Rc7 1/2-1/2

[Event "87th Tata Steel Challengers 2025"]
[Site "Wijk aan Zee"]
[Date "2025.02.02"]
[Round "13.3"]
[White "Vaishali, Rameshbabu"]
[Black "L'Ami, Erwin"]
[Result "1-0"]
[Annotator "TA"]
[ECO "B52"]
[WhiteElo "2476"]
[BlackElo "2614"]
[PlyCount "119"]
[EventDate "2025.01.13"]
[EventType "tourn"]
[EventCountry "NED"]
[SourceTitle "playchess.com"]
[Source "ChessBase"]
[SourceQuality "1"]
[TimeControl "40/6000+30:20/3000+30:900+30"]

1. e4 c5 2. Nf3 d6 3. Bb5+ Bd7 4. c4 Nc6 5. Nc3 e5 6. d3 {[%emt 0:01:25] B52: Sicilian: Moscow Variation with 3...Bd7.} Nge7 7. a3 Ng6 8. Nd5 {[%emt 0:07:11] The position is equal.} Be7 9. b4 O-O 10. h4 $146 (10. bxc5 dxc5 11. Bxc6 {½-½ Nevednichy,V (2447)-Georgiev,K (2294) SRB-chT 2nd League 2023 (11.1)}) 10... Re8 11. h5 Nf8 12. Bb2 ({White should play} 12. h6 $14) 12... b6 13. Ba4 Ne6 14. O-O {[%emt 0:22:37] A sharp opening} h6 15. Nh2 Rf8 16. Ng4 Rc8 17. Nge3 Nc7 (17... Nf4 $14) 18. Bxc6 $1 $16 Bxc6 19. Nxe7+ Qxe7 20. f4 {[%emt 0:00:03] Prevents Qg5.} Bd7 21. f5 f6 22. b5 $1 a6 23. a4 Ra8 24. Bc3 Rfb8 25. a5 Qf7 26. axb6 {[%emt 0:00:32][%csl Ob6] White has a strong passed pawn} Rxb6 (26... Ne8 $142) 27. Ba5 $18 Rb7 28. b6 (28. Bxc7 Rxc7 29. Rf2 (29. Rxa6 Rxa6 30. bxa6 Ra7 $18) (29. bxa6 Rca7 $16) 29... Rca7 $18) 28... Ne8 29. Qg4 Bc6 30. Rf3 Rab8 31. Kh2 (31. Rf2 $1 $18) 31... d5 (31... Rxb6 $16 32. Bxb6 Rxb6) 32. cxd5 Bb5 33. Rc1 (33. Nc4 $18) 33... Bxd3 $16 34. Rxc5 Nd6 35. Rc6 (35. Rc7 Rxc7 36. bxc7 Rb5 $11) 35... Nxe4 (35... Rd8 $16 {was worth a try.} 36. Rf2 (36. Rc7 Rxc7 37. bxc7 Rc8 $16) 36... Nxe4) 36. d6 $18 Rd7 37. Rc7 (37. Nd1 $1 $18 {and the rest is easy.} Qd5 (37... Rxd6 $2 38. Rc7 $18) 38. Rc7 Qxd6 39. Nb2) 37... Kh8 $2 {[%emt 0:01:03][%mdl 8192] [#]} (37... Nxd6 $2 38. Rxd7 (38. Nd5 Bb5 $15) 38... Qxd7 39. Nd5 $18) (37... Ng5 $16 {is tougher.}) 38. Nd5 $1 Qxd5 39. Rxd7 Ng5 {[%emt 0:00:03] [#]} 40. Rxd3 Qxd3 41. b7 Qd5 42. Qa4 (42. Qb4 $18 {Hoping for Rd8+.} Nf7 43. Qd2 Qxd2 44. Bxd2 Nxd6 45. Rxd6 Rxb7 46. Rxa6) 42... e4 $16 {[%emt 0:07:00] [#]} 43. Be1 $1 {[%emt 0:08:33] Some like it hot} Qxf5 $2 (43... Rxb7 44. Rxb7 Qxb7 45. Qe8+ Kh7 46. d7 $18) (43... Qe5+ $16 44. Kg1 (44. Bg3 Qe8 $11) 44... Qc5+ 45. Bf2 Qc1+ (45... e3 46. Be1 $16) 46. Kh2 Kh7) 44. Re7 $18 {[%emt 0:05:32] Active counter play!} Kh7 (44... Qf4+ $142 45. Bg3 Qd2 46. Rxe4 (46. Qxa6 Nf3+ 47. Kh3 Ng5+ 48. Kh2 Nf3+ 49. Kh3 Ng5+ 50. Kh2 $11) (46. Re8+ Kh7 $11) 46... Nf3+ 47. Kh1 Qc1+ 48. Be1 Ne5) 45. Qd7 (45. Qxa6 Qg4 $16) 45... Qxd7 46. Rxd7 {[%emt 0:00:03][%mdl 4096] Endgame KRB-KRN. Black is a pawn up.} Ne6 47. Bf2 a5 48. Ba7 e3 49. Kg3 (49. Bxb8 e2 $11) 49... a4 50. Bxb8 a3 {[%emt 0:01:39] [#]} 51. Rc7 $1 {[%emt 0:00:44] White threatens Ba7 and mate.} Nxc7 (51... a2 52. Rc1) 52. dxc7 {[%emt 0:00:18] KB-KP. White mates.} e2 53. Kf2 (53. c8=B $2 e1=Q+ (53... e1=B+ 54. Kf3 $18) 54. Kh3 Qe4 $19) 53... a2 54. c8=Q ({Inferior is} 54. c8=B a1=Q (54... a1=B $2 {is the wrong capture.} 55. Kxe2 Bd4 56. Kd3 $18) 55. Kxe2 Qh1 $11) 54... a1=Q 55. Kxe2 Qb2+ 56. Kf1 Qb5+ 57. Kg1 Qb6+ 58. Kh2 Qb5 59. Bg3 Qxh5+ 60. Qh3 {[%emt 0:00:04] Weighted Error Value: White=0.16 (very precise) /Black=0.57  Loses game:     	---       	Black=2      Missed win:     	White=1     	---        Mistake:       	White=4     	Black=5      Inaccurate:     	White=1     	Black=6      OK:         	White=12    	Black=17     Best:        	White=3     	Black=3      Strong:       	White=3     	---        Brilliant:      	White=1     	---} 1-0

[Event "87th Tata Steel Challengers 2025"]
[Site "Wijk aan Zee"]
[Date "2025.02.02"]
[Round "13.4"]
[White "Bok, Benjamin"]
[Black "Nguyen, Thai Dai Van"]
[Result "0-1"]
[Annotator "TA"]
[ECO "E36"]
[WhiteElo "2583"]
[BlackElo "2668"]
[PlyCount "110"]
[EventDate "2025.01.13"]
[EventType "tourn"]
[EventCountry "NED"]
[SourceTitle "playchess.com"]
[Source "ChessBase"]
[SourceQuality "1"]
[TimeControl "40/6000+30:20/3000+30:900+30"]

1. d4 Nf6 2. c4 e6 3. Nc3 Bb4 4. Qc2 d5 5. a3 Bxc3+ 6. Qxc3 Nc6 {[%emt 0:01:25] 6...0-0 is the modern continuation.} (6... O-O $11) 7. Bg5 {[%emt 0:34:43] E36: Nimzo-Indian: Classical: 4...d5 5 a3.} dxc4 (7... Ne4 $5 8. Bxd8 Nxc3 $11) 8. e3 Nd5 $146 (8... Qd5 9. Bxf6 gxf6 10. Qxc4 Qxc4 11. Bxc4 Bd7 12. Ne2 Ne7 13. f3 Rc8 14. b4 Nf5 {½-½ Beliavsky,A (2641)-Parligras,M (2561) EU-ch 9th Plovdiv 2008 (2)}) 9. Bxd8 {[%emt 0:00:13] White is slightly better.} Nxc3 10. Bxc7 Nd5 11. Bg3 Na5 12. Ne2 b5 13. Nc3 a6 14. Be2 Bb7 15. Nxd5 Bxd5 16. f3 Nb3 17. Rb1 Rc8 18. Bd1 Kd7 19. e4 Bb7 20. Bc2 (20. Bxb3 cxb3 21. O-O Rc4 $17) 20... a5 (20... Nxd4 $2 21. Rd1 $18) 21. Kf2 Rhf8 (21... Nxd4 $2 22. Rhd1 $18) 22. Ke3 (22. Bxb3 cxb3 23. Rbc1 f5 $19) 22... f5 23. Rhd1 g5 {[%emt 0:04:53] [#]} 24. Be1 fxe4 (24... Rf7 $11 {was preferable.}) 25. fxe4 $16 Rf4 26. Bg3 Rff8 27. Bxb3 (27. Rh1 $16) 27... cxb3 $11 28. Rf1 Rxf1 29. Rxf1 {[%emt 0:00:01][%mdl 4096] Endgame KRB-KRB} Ke7 {[%emt 0:00:00] Repels Rf7+} 30. Be1 b4 31. axb4 Rc1 {[%emt 0:02:55] [#]} 32. bxa5 Ke8 $1 33. Kd2 (33. Rg1 $14) 33... Rc2+ 34. Ke3 {[%emt 0:00:04] Strongly threatening Rf6.} Rxb2 35. Bb4 Rxg2 36. Rf8+ Kd7 37. Rf7+ Kc8 38. Rf8+ (38. Rxh7 $2 b2 39. Rh8+ Kc7 40. Rh7+ Kb8 $19 (40... Kc6 41. d5+ exd5 42. exd5+ Kxd5 43. Rd7+ Kc4 44. Rc7+ $19)) 38... Kc7 39. Rf7+ Kb8 40. Bd6+ (40. Rxh7 $2 b2 41. a6 Bc8 $19 (41... b1=B 42. axb7) (41... b1=Q 42. Bd6+ Ka7 43. Rxb7+ $17) (41... Re2+ $2 42. Kxe2 Bxa6+ 43. Kf3 $19)) 40... Ka7 41. Bc5+ $2 {[%emt 0:32:52] White is on the road to losing.} ({White should try} 41. Rf1 $15) 41... Ka6 $19 42. Re7 $2 (42. Ba3 {was necessary.}) 42... b2 (42... Rxh2 $2 43. Rxe6+ Kxa5 44. d5 $19) 43. Rxe6+ Kxa5 44. Rb6 Ba6 {[%emt 0:01:05][%cal Oa6b5] aiming for ...Bb5!.} (44... Rxh2 $2 45. Rxb7 Rh6 46. d5 (46. Rxb2 Rh3+ 47. Kd2 Rh2+ 48. Kc3 Rxb2 $18) 46... Rh3+ 47. Kd4 $18) 45. Rb8 Re2+ (45... Rxh2 46. d5 $19) 46. Kf3 Bd3 (46... Rxh2 47. Bb4+ Ka4 48. Bc3 Rh3+ 49. Kf2 Rxc3 50. Rxb2) 47. h3 h5 (47... b1=R 48. Rxb1 Bxe4+ 49. Kxe2 $11) 48. e5 Rh2 (48... b1=R 49. Rxb1 g4+ 50. hxg4 hxg4+ (50... Bxb1 51. Kxe2 hxg4 52. e6 $16) 51. Kxg4 Bxb1 52. Kf3) (48... b1=B $2 49. Be7 $19) (48... b1=N 49. Bb4+ Ka4 50. Rb6 $19) 49. Kg3 Re2 {[%emt 0:00:48] ( -> ...Be4)} (49... b1=Q 50. Rxb1 $15) 50. Kf3 Ka4 (50... b1=R 51. Rxb1 g4+ 52. hxg4 hxg4+ (52... Bxb1 53. Kxe2 hxg4 54. e6 $16) 53. Kxg4 Bxb1 54. Kf3) (50... b1=B $2 51. Bb4+ Ka4 52. Be7 $19) (50... b1=N 51. Rxb1 g4+ 52. hxg4 hxg4+ 53. Kxg4 Bxb1 54. Kf3 $19) 51. e6 $2 (51. Rb4+ Ka5 (51... Ka3 $2 52. e6 $17) 52. e6) 51... Bb5 ({Stronger than} 51... b1=B 52. e7 g4+ 53. hxg4 hxg4+ 54. Kxg4 $11) (51... b1=N 52. Rb4+ Ka5 53. Rxb1 g4+ 54. hxg4 hxg4+ (54... Rxe6 55. Rb3 $14) 55. Kxg4 Bxb1 56. d5) 52. Ra8+ Kb3 53. Rb8 g4+ (53... b1=B $2 54. Rxb5+ Kc3 55. Rxb1 $18 (55. Kxe2 Bd3+ 56. Ke3 Bxb5 $18)) 54. hxg4 hxg4+ (54... b1=B $2 55. Rxb5+ Kc4 56. Rb4+ (56. Rxb1 Rxe6 57. gxh5 Rf6+ 58. Ke4 Rh6 $18) (56. Kxe2 Kxb5 57. gxh5 Bf5 $18) (56. gxh5 Bd3 $18) 56... Kd3 57. Rb3+ (57. Rxb1 hxg4+ 58. Kxg4 Rxe6 $18) (57. gxh5 Ba2 $18) 57... Kd2 58. Rb2+ (58. Rxb1 hxg4+ 59. Kxg4 Rxe6 $18) (58. gxh5 Be4+ 59. Kg3 Bc2 $18) 58... Kd3 59. Rxe2 $18) 55. Kxg4 Kc4 {[%emt 0:00:03] Weighted Error Value: White=0.50/Black=0.20 (precise)   Loses game:     	White=1     	---        Mistake:       	White=4     	Black=1      Inaccurate:     	White=4     	Black=3      OK:         	White=15    	Black=15     Best:        	White=5     	Black=7      Strong:       	---       	Black=1} (55... b1=B $2 {perishes.} 56. Rxb5+ Kc4 57. Rxb1 $18) 0-1

[Event "87th Tata Steel Challengers 2025"]
[Site "Wijk aan Zee"]
[Date "2025.02.02"]
[Round "13.5"]
[White "Nogerbek, Kazybek"]
[Black "Oro, Faustino"]
[Result "1-0"]
[Annotator "TA"]
[ECO "A13"]
[WhiteElo "2514"]
[BlackElo "2447"]
[PlyCount "165"]
[EventDate "2025.01.13"]
[EventType "tourn"]
[EventCountry "NED"]
[SourceTitle "playchess.com"]
[Source "ChessBase"]
[SourceQuality "1"]
[TimeControl "40/6000+30:20/3000+30:900+30"]

1. Nf3 d5 2. e3 c5 3. b3 Nf6 4. Bb2 e6 5. c4 Nc6 6. cxd5 exd5 7. Bb5 Qb6 {[%emt 0:03:28] A13: English Opening: 1...e6.} (7... Bd6 $11 {might be stronger.}) 8. Nc3 $14 Bd7 9. O-O Be7 {[%emt 0:00:32] White is slightly better.} 10. Rc1 $146 (10. d4 O-O 11. dxc5 Bxc5 12. Be2 Ne7 13. Rc1 Rfd8 14. Bd3 Rac8 15. Ne5 Be8 16. Ne2 {1-0 D'Costa,L (2375)-Eriksson,D (2253) Rilton Cup 51st 2023 (4)}) 10... O-O 11. Be2 Qd8 (11... d4 $11 {remains equal.} 12. Na4 Qa5) 12. Na4 b6 13. d4 cxd4 14. Nxd4 Nxd4 15. Qxd4 Rc8 16. Rxc8 Qxc8 17. Nc3 {[%emt 0:01:29][%csl Od5][%cal Ba4c3,Bc3e2,Be2g3,Bg3h5,Bh5f4][%mdl 32] White attacks a weakness} Bc6 18. Rd1 Rd8 19. Bf3 h6 20. Ne2 Bb7 21. h3 Qc7 22. Ng3 Bc8 23. Rc1 Qb8 24. Qd3 Ne8 25. Nh5 (25. Bxd5 Be6 26. e4 Bf6 $17) 25... Be6 26. Rc6 Bd7 {[%emt 0:02:17] [#]} (26... Bd6 $14) 27. Rc2 (27. Rxh6 $1 $18 {and the rest is easy. Threatening mate with Qh7+.} gxh6 28. Qd4) 27... Be6 $16 28. Nf4 Qd6 29. Qa6 Qd7 30. Nd3 {[%emt 0:10:14] White has more active pieces.} Bd6 31. Bd4 Bf5 {[%emt 0:01:10] ...Nc7 is the strong threat.} 32. Rd2 (32. Bxd5 Nc7 33. Rxc7 Qxc7 $11 (33... Bxc7 $2 34. Bc4 $19)) 32... Rc8 33. Rd1 (33. Bxd5 $2 Nc7 34. Qxa7 Nxd5 35. Qxd7 Bxd7 $19) 33... Bb8 (33... Be4 $14) 34. a4 Be4 35. Bg4 Bf5 36. Bxf5 Qxf5 37. Nb4 Nd6 38. Qe2 Ne4 {[%emt 0:01:16] [#]} 39. Nxd5 $1 Bd6 {[%emt 0:01:02] Inhibits Ne7+.} (39... Qxd5 $2 40. Qg4 $18) 40. Qf3 (40. f4 {simplifies} Qe6 41. Bb2 Bf8 42. b4) 40... Qe6 (40... Qxd5 $2 41. Qg4 Bf8 42. Qxc8 $18) 41. Qg4 Qxg4 42. hxg4 Rc2 43. f3 Nf2 44. Rb1 $36 {[%emt 0:04:31][%mdl 2048] White is pushing.} Nd3 {[%emt 0:00:54] Against Rb2} 45. e4 Bc5 (45... Rc1+ $11 46. Rxc1 Nxc1) 46. Bxc5 bxc5 {[%emt 0:00:28][%mdl 4096] Endgame KRN-KRN. White is a pawn up.} 47. a5 (47. Rd1 Nc1 48. Ne3) 47... a6 48. Rd1 Rc1 49. Rxc1 Nxc1 {[%emt 0:00:01] KN-KN. White is a pawn up.} 50. b4 ({Much worse is} 50. Ne7+ $6 Kf8 51. Nc6 Nxb3 $15) 50... cxb4 51. Nxb4 Nb3 52. Nc6 Kf8 53. Kf2 Ke8 54. Ke3 f6 55. Kf4 Kd7 56. Nb4 Ke6 57. Nxa6 Nxa5 58. Nc7+ Kf7 59. Ke3 Nc4+ 60. Kd4 Ne5 61. Nd5 Ke6 62. Nf4+ Kf7 63. Nd3 Nc6+ (63... Nd7 $16 64. Kd5 Ke7) 64. Kc5 Ne7 (64... Na5 $16 65. Nf4 Nb3+ 66. Kd5 g6) 65. Kd6 $18 Nc8+ 66. Kc7 Ne7 67. Kd7 g5 $2 (67... Ng6 68. g3 Nf8+ 69. Kd6 g5) 68. g3 Ng6 69. Kd6 Ne7 70. Kc7 $2 (70. f4 $18 Nc8+ 71. Kc6) 70... Ng6 $16 71. Kd7 (71. Kc6 $18) 71... Nf8+ 72. Kd6 Ne6 73. Kd5 Nc7+ 74. Kc4 Ke6 (74... Ne6 $16 75. Nc1 Nf8) 75. Nb4 Ne8 76. Nc6 (76. Nc2 $18) 76... Nd6+ 77. Kd3 ({White should play} 77. Kc5 $18) 77... Kf7 78. Kd4 Nb5+ $2 {[%emt 0:00:42][%mdl 8192] [#]} (78... Ke6 $16 79. Kc5 Nb7+ 80. Kb4 Kf7) 79. Kc4 $1 $18 Na3+ 80. Kc3 {[%emt 0:01:28] Strongly threatening Nd4.} Kg6 $2 (80... Nb5+ 81. Kb4 Nd6 82. Nd8+ Kf8) 81. Ne7+ {[%emt 0:00:53] White is clearly winning.} Kf7 82. Nf5 Kg6 (82... Nb5+ $142 83. Kb4 Nc7 84. Nxh6+ Ke6) 83. Nd6 {[%emt 0:00:26] Weighted Error Value: White=0.11 (very precise) /Black=0.16 (very precise)   Loses game:     	---       	Black=2      Mistake:       	White=4     	Black=9      Inaccurate:     	White=6     	Black=3      OK:         	White=35    	Black=25     Best:        	White=6     	Black=8      Strong:       	White=1     	---} 1-0

[Event "87th Tata Steel Challengers 2025"]
[Site "Wijk aan Zee"]
[Date "2025.02.02"]
[Round "13.6"]
[White "Bulmaga, Irina"]
[Black "Suleymanli, Aydin"]
[Result "0-1"]
[Annotator "ChessBase"]
[ECO "B85"]
[WhiteElo "2386"]
[BlackElo "2623"]
[PlyCount "76"]
[EventDate "2025.01.13"]
[EventType "tourn"]
[EventCountry "NED"]
[SourceTitle "playchess.com"]
[Source "ChessBase"]
[SourceQuality "1"]
[TimeControl "40/6000+30:20/3000+30:900+30"]

1. e4 c5 2. Nf3 e6 3. d4 cxd4 4. Nxd4 Nc6 5. Nc3 Qc7 6. Be2 a6 7. Be3 Nf6 8. O-O Be7 9. f4 d6 10. Kh1 O-O 11. Qe1 Nxd4 12. Bxd4 b5 13. Qg3 Bb7 14. a3 Rad8 15. Rae1 Bc6 16. Bf3 Qb7 17. Nd1 Ne8 18. c3 f6 19. Nf2 e5 20. Be3 Nc7 21. f5 d5 22. Bh5 Bd6 23. Nd3 dxe4 24. Nc5 Bxc5 25. Bxc5 Rd3 26. Qg4 Rc8 27. Be7 Nd5 28. Bc5 e3 29. Rg1 e2 30. Rxe2 Nf4 31. Be3 Nxe2 32. Qxe2 Rcd8 33. Bg4 Be4 34. Qf2 Bxg2+ 35. Rxg2 Rd1+ 36. Bxd1 Rxd1+ 37. Qg1 Rxg1+ 38. Kxg1 Qe4 0-1

[Event "87th Tata Steel Challengers 2025"]
[Site "Wijk aan Zee"]
[Date "2025.02.02"]
[Round "13.7"]
[White "Lu, Miaoyi"]
[Black "Yakubboev, Nodirbek"]
[Result "0-1"]
[Annotator "ChessBase"]
[ECO "B90"]
[WhiteElo "2429"]
[BlackElo "2659"]
[PlyCount "64"]
[EventDate "2025.01.13"]
[EventType "tourn"]
[EventCountry "NED"]
[SourceTitle "playchess.com"]
[Source "ChessBase"]
[SourceQuality "1"]
[TimeControl "40/6000+30:20/3000+30:900+30"]

1. e4 c5 2. Nf3 d6 3. d4 cxd4 4. Nxd4 Nf6 5. Nc3 a6 6. Rg1 h5 7. Bg5 e6 8. Qd2 b5 9. a3 Qc7 10. O-O-O Nbd7 11. f4 Rb8 12. Bd3 b4 13. Nd5 exd5 14. exd5 bxa3 15. b3 Bb7 16. Rge1+ Kd8 17. Re3 Nb6 18. Rde1 Qc5 19. Be4 Bxd5 20. Bxf6+ gxf6 21. Bxd5 Nxd5 22. Rd3 f5 23. Kb1 Bg7 24. Nc6+ Qxc6 25. Rxd5 Rh6 26. Qa5+ Kc8 27. Rd3 Re6 28. Rde3 Rb5 29. Qxa3 Rxe3 30. Rxe3 Qb6 31. Rg3 Ra5 32. Qxa5 Qg1+ 0-1